 Dungeon Crawl Stone Soup version 0.22.1-2-g9c5b331383 (webtiles) character file.

212 Ihlosi the Cutter (level 6, -1/37 HPs)
             Began as a Kobold Gladiator on Dec 16, 2018.
             Slain by a gnoll
             ... wielding a +0 spear
              (5 damage)
             ... on level 3 of the Dungeon.
             The game lasted 00:05:37 (2126 turns).

Ihlosi the Cutter (Kobold Gladiator)                Turns: 2126, Time: 00:05:38

Health: -1/37      AC:  6    Str: 11 (13) XL:     6   Next: 13%
Magic:  6/6        EV: 16    Int:  9      God:
Gold:   87         SH:  0    Dex: 15 (17) Spells: 5/5 levels left

rFire    . . .     SeeInvis .   a - +1 rapier
rCold    . . .     Gourm    .   (shield restricted)
rNeg     . . .     Faith    .   b - +0 leather armour
rPois    .         Spirit   .   c - +0 helmet
rElec    .         Reflect  .   (no cloak)
rCorr    .         Harm     .   p - +1 pair of gloves
MR       .....     Rnd*Tele +   (no boots)
Stlth    ++........             (no amulet)
HPRegen  0.12/turn              e - ring of teleportation (curse)
MPRegen  0.10/turn              (no ring)

@: no status effects
A: small, carnivore
a: no special abilities


You were on level 3 of the Dungeon.
You were very full.

You visited 1 branch of the dungeon, and saw 3 of its levels.

You collected 87 gold pieces.

Inventory:

Hand Weapons
 a - a +1 rapier (weapon)
 s - a +2 dagger of speed
Missiles
 d - 4 throwing nets (quivered)
 o - 21 bolts
Armour
 b - a +0 leather armour (worn)
 c - a +0 helmet (worn)
 p - a +1 pair of gloves (worn)
Jewellery
 e - a cursed ring of teleportation (left hand)
Scrolls
 i - 2 scrolls of random uselessness
 l - 2 scrolls of amnesia
 m - 3 scrolls of teleportation
Comestibles
 f - 2 rations


   Skills:
 * Level 3.3 Fighting
 + Level 5.5 Short Blades
 - Level 2.1 Throwing
 * Level 1.4 Armour
 * Level 4.7 Dodging
 * Level 3.0 Stealth


You had 5 spell levels left.
You didn't know any spells.
Your spell library was empty.

Dungeon Overview and Level Annotations

Branches:
Dungeon (3/15)

Altars:


Innate Abilities, Weirdness & Mutations

You are small and have problems with some larger weapons.
You are carnivorous and can eat meat at any time.


Message History

It was a potion of magic.
Magic courses through your body. The gnoll misses you.
The gnoll sergeant misses you.
A gnoll comes into view. It is wielding a club.
The gnoll shouts!
The gnoll completely misses you. The gnoll sergeant misses you.
You see here a flail of holy wrath.
You hit the gnoll sergeant but do no damage.
You hit the gnoll sergeant but do no damage.
The gnoll sergeant misses you. The gnoll misses you.
The gnoll hits you with a spear.
* * * LOW HITPOINT WARNING * * *
Unknown command.
You closely miss the gnoll sergeant.
The gnoll sergeant hits you but does no damage.
A gnoll comes into view.
The gnoll barely misses you. The gnoll misses you.
The gnoll shouts!
You hit the gnoll sergeant but do no damage.
The gnoll sergeant closely misses you. The gnoll hits you with a spear.
You die...

######### #+# #....)..#
#.. #....)..# #.#
#.......+ #.#####'#######
#^....#)@g.g..#
#.....#)gg......
#.##++#......... #.#
........#g #)# ..########
###)# ... g.
#..)#####################
#...#.......÷............
#####≈≈≈≈≈≈÷÷≈≈≈≈≈≈≈≈≈≈≈≈


You could see a gnoll sergeant and 5 gnolls.

Vanquished Creatures
  A gnoll shaman (D:3)
  8 gnolls (D:3)
  3 adders (D:2)
  3 dart slugs
  3 worms (D:2)
  A leopard gecko (D:1)
  A ball python (D:2)
  2 giant cockroaches (D:1)
  6 hobgoblins
  16 jackals
  3 bats
  4 frilled lizards
  5 goblins
  7 kobolds
  5 rats
68 creatures vanquished.

Notes
Turn   | Place    | Note
-------+----------+-------------------------------------------
     0 | D:1      | Ihlosi the Kobold Gladiator began the quest for the Orb.
     0 | D:1      | Reached XP level 1. HP: 12/12 MP: 1/1
   122 | D:1      | Reached XP level 2. HP: 15/17 MP: 2/2
   849 | D:2      | Reached XP level 3. HP: 22/22 MP: 3/3
   859 | D:2      | Reached skill level 1 in Stealth
  1026 | D:2      | Reached XP level 4. HP: 22/27 MP: 4/4
  1308 | D:2      | Reached skill level 1 in Armour
  1605 | D:3      | Reached skill level 5 in Short Blades
  1605 | D:3      | Reached XP level 5. HP: 25/32 MP: 5/5
  2110 | D:3      | Reached XP level 6. HP: 33/37 MP: 6/6
  2126 | D:3      | Slain by a gnoll

Skill      XL: |  1  2  3  4  5  6 |
---------------+-------------------+-----
Dodging        | 4 |  4.7
Stealth        | 2 3 |  3.0
Armour         | 1 |  1.4
Short Blades   | 5 |  5.5
Fighting       | 3 |  3.3
Throwing       | |  2.1

Action                   |  1- 3 |  4- 6 || total
-------------------------+-------+-------++-------
Melee: Rapier            |    85 |   182 ||   267
  Use: Scroll            |     6 |     2 ||     8
       Potion            |       |     6 ||     6
 Stab: Sleeping          |     8 |       ||     8
       Distracted        |       |     1 ||     1
  Eat: Chunk             |     8 |     3 ||    11
Armor: Leather armour    |    12 |    40 ||    52
Dodge: Dodged            |    60 |   200 ||   260
